 Dungeon Crawl Stone Soup version 0.21.1-1-g345015f (webtiles) character file.

1668 Harpaggios the Changer (level 8, -1/61 HPs)
             Began as a Red Draconian Transmuter on Apr 5, 2018.
             Was a Believer of Fedhas.
             Slain by a wraith (3 damage)
             ... on level 7 of the Dungeon.
             The game lasted 01:09:47 (8026 turns).

Harpaggios the Changer (Red Draconian Transmuter)   Turns: 8026, Time: 01:09:48

Health: -1/61      AC:  6    Str: 14      XL:     8   Next: 69%
Magic:  5/11       EV: 19    Int: 12 (15) God:    Fedhas [**....]
Gold:   379        SH:  0    Dex: 10 (11) Spells: 0/11 levels left

rFire    + . .     SeeInvis .     - Unarmed
rCold    . . .     Gourm    .   (no shield)
rNeg     . . .     Faith    .   (armour unavailable)
rPois    .         Spirit   .   (helmet restricted)
rElec    .         Reflect  .   (no cloak)
rCorr    .         Harm     .   (no gloves)
MR       +....                  (no boots)
Stlth    +.........             (no amulet)
HPRegen  0.20/turn              m - ring of protection from magic
MPRegen  0.12/turn              s - +5 ring of evasion

@: starving, slowed, drained, very slow
A: breathe fire, unfitting armour, fire resistance 1, cold-blooded, AC +6
a: Breathe Fire, Fungal Bloom, Evolution, Sunlight, Renounce Religion


You were on level 7 of the Dungeon.
You worshipped Fedhas.
Fedhas was pleased with you.
You were starving.

You visited 1 branch of the dungeon, and saw 7 of its levels.

You collected 379 gold pieces.

Inventory:

Missiles
 a - 83 arrows
Jewellery
 m - a ring of protection from magic (left hand)
 s - a +5 ring of evasion (right hand)
Scrolls
 e - 6 scrolls of remove curse
 g - a scroll of magic mapping
 j - 8 scrolls of identify
Potions
 n - a potion of agility
Books
 b - a book of Changes

   Spells                             Type                      Level
   a - Beastly Appendage              Transmutation                1
   b - Sticks to Snakes               Transmutation                2
   c - Spider Form                    Transmutation/Poison         3
   d - Ice Form                       Ice/Transmutation            4
   e - Blade Hands                    Transmutation                5
Comestibles
 c - 16 rations


   Skills:
 - Level 2.0(1.9) Fighting
 + Level 5.1 Dodging
 + Level 6.1(6.0) Unarmed Combat
 - Level 2.0(1.9) Spellcasting
 * Level 7.9 Transmutations
 - Level 2.0 Invocations


You couldn't memorise any spells.
You knew the following spells:

 Your Spells              Type           Power        Failure   Level  Hunger
a - Beastly Appendage     Tmut           ###...       1%          1    ##.....
b - Sticks to Snakes      Tmut           ###.....     1%          2    ###....
c - Spider Form           Tmut/Pois      ##........   16%         3    ####...
d - Blade Hands           Tmut           ###.......   28%         5    ######.


Dungeon Overview and Level Annotations

Branches:
Dungeon (7/15)             Temple (0/1) D:6

Altars:
Elyvilon
Fedhas
Nemelex Xobeh
Ru
Sif Muna

Shops:
D:5 [

Annotations:
D:3 2 exclusions


Innate Abilities, Weirdness & Mutations

You can breathe blasts of fire.
Your fiery red scales are hard. (AC +6)
You cannot fit into any form of body armour.
Your flesh is heat resistant. (rF+)
You are cold-blooded and may be slowed by cold attacks.


Message History

You hit the wraith but do no damage.
The wraith is almost destroyed.
The wraith hits you.
* * * LOW HITPOINT WARNING * * *
The wraith drains your vigour!
You feel as though you will be slow longer.
The wraith closely misses you.
You hit the wraith but do no damage.
The wraith is almost destroyed.
The wraith barely misses you.
Unknown command.
You're too hungry.
You hit the wraith.
The wraith is almost destroyed.
The wraith misses you.
You barely miss the wraith.
The wraith is almost destroyed.
The wraith hits you.
You die...
Fedhas appreciates your contribution to the ecosystem.

##.####.## +.+ #..#######
.........# #.# #.......#
.........# +.+ #.......#
#.........###.####.......#
######...##.'.'.##.......#
#...####.####.......#
#...##.')'.##.......#
#...####.####.......#
#...##.@W'.#........#
#...####.###........#
#...####'###........#
#...##8#.#8#........#
#...#...............#
#...##..##.##..##...#
#...##..##.##..##...#
#........#..........#
#........#..........#


You could see a wraith.

Vanquished Creatures
  An orc warrior (D:7)
  2 centaurs (D:5)
  3 bullfrogs
  A scorpion (D:5)
  2 wights (D:7)
  2 howler monkeys (D:5)
  4 crimson imps
  2 orc priests
  A hound (D:7)
  A bullfrog zombie (D:6)
  A centaur skeleton (D:4)
  A human zombie (D:7)
  5 orc wizards
  Natasha (thrice) (D:3 D:4)
  3 worker ants
  A killer bee zombie (D:6)
  An ogre zombie (D:7)
  A hound zombie (D:7)
  2 hound skeletons
  A mummy (D:7)
  A worker ant zombie (D:5)
  9 adders
  3 oozes
  4 adder skeletons
  2 worms
  A dart slug (D:4)
  5 leopard geckos
  21 orcs
  4 giant cockroaches
  9 goblins
  10 hobgoblins
  6 jackals (D:3)
  4 kobolds
  5 quokkas
  3 ball pythons
  6 bats
  4 frilled lizards
  A leopard gecko skeleton (D:4)
  14 rats
150 creatures vanquished.

Vanquished Creatures (collateral kills)
  Sigmund (D:3)
  A scorpion (D:7)
  An orc wizard (D:7)
  A worm (D:3)
  8 orcs
  2 hobgoblins (D:3)
14 creatures vanquished.

Vanquished Creatures (others)
  A quokka (D:6)
  90 toadstools
91 creatures vanquished.

Grand Total: 255 creatures vanquished

Notes
Turn   | Place    | Note
-------+----------+-------------------------------------------
     0 | D:1      | Harpaggios the Draconian Transmuter began the quest for the Orb.
     0 | D:1      | Reached XP level 1. HP: 16/16 MP: 3/3
    46 | D:1      | Reached XP level 2. HP: 16/23 MP: 5/5
   174 | D:1      | Learned a level 2 spell: Sticks to Snakes
   767 | D:2      | Found a blossoming altar of Fedhas.
   779 | D:2      | Reached skill level 3 in Transmutations
   779 | D:2      | Reached XP level 3. HP: 13/28 MP: 6/6
   999 | D:2      | Became a worshipper of Fedhas Madash
  1027 | D:2      | Found a sacrificial altar of Ru.
  1186 | D:2      | Found a deep blue altar of Sif Muna.
  1191 | D:2      | Found a sparkling altar of Nemelex Xobeh.
  1652 | D:3      | Reached XP level 4. HP: 32/35 MP: 5/7
  1798 | D:3      | Reached * piety under Fedhas
  1994 | D:3      | Learned a level 3 spell: Spider Form
  2604 | D:3      | Noticed Natasha
  2613 | D:3      | Killed Natasha
  2613 | D:3      | Reached XP level 5. HP: 33/41 MP: 6/8
  2628 | D:3      | Noticed Sigmund
  2822 | D:3      | Reached skill level 4 in Transmutations
  2957 | D:3      | Reached skill level 1 in Invocations
  3639 | D:3      | Killed Sigmund
  3731 | D:4      | Reached XP level 6. HP: 44/48 MP: 9/9
  4294 | D:4      | Noticed Natasha
  4305 | D:4      | Killed Natasha
  4310 | D:4      | Reached ** piety under Fedhas
  4775 | D:4      | Noticed Natasha
  4783 | D:4      | Killed Natasha
  4783 | D:4      | Reached skill level 5 in Transmutations
  4822 | D:5      | Entered Level 5 of the Dungeon
  4902 | D:5      | Your scales start taking on a fiery red colour.
  4902 | D:5      | Reached XP level 7. HP: 49/55 MP: 10/10
  4902 | D:5      | Gained mutation: Your flesh is heat resistant. (rF+) [Red Draconian growth]
  5349 | D:5      | Found Orchai's Antique Armour Shop.
  5416 | D:5      | Reached skill level 6 in Transmutations
  5714 | D:5      | Reached skill level 5 in Unarmed Combat
  6446 | D:6      | Reached XP level 8. HP: 55/61 MP: 11/11
  6453 | D:6      | Learned a level 5 spell: Blade Hands
  6454 | D:6      | Found a white marble altar of Elyvilon.
  6760 | D:6      | Found a staircase to the Ecumenical Temple.
  6908 | D:7      | Reached skill level 7 in Transmutations
  7527 | D:7      | Reached skill level 5 in Dodging
  7999 | D:7      | HP: 3/61 [wraith (3)]
  8023 | D:7      | HP: 1/61 [wraith (6)]
  8026 | D:7      | Slain by a wraith

Skill      XL: |  1  2  3  4  5  6  7  8 |
---------------+-------------------------+-----
Dodging        | 2 3 4 5 |  5.1
Transmutations | 3 4 5 6 7 |  7.9
Invocations    | 1 2 |  2.0
Fighting       | 2 |  2.0
Unarmed Combat | 4 5 6 |  6.1
Spellcasting   | |  2.0

Action                   |  1- 3 |  4- 6 |  7- 9 || total
-------------------------+-------+-------+-------++-------
Melee: Unarmed           |   131 |   319 |   328 ||   778
       Tailslap          |    12 |    30 |    49 ||    91
       Punch             |     1 |     6 |     7 ||    14
       Kick              |     6 |    11 |     6 ||    23
       Headbutt          |     3 |     5 |     3 ||    11
 Cast: Beastly Appendage |    13 |    15 |     6 ||    34
       Sticks to Snakes  |       |    11 |    19 ||    30
Invok: Fungal Bloom      |     4 |    10 |    15 ||    29
       Sunlight          |       |       |     2 ||     2
 Abil: Breathe Fire      |       |       |    14 ||    14
  Use: Scroll            |     3 |     2 |     3 ||     8
       Potion            |       |     2 |     9 ||    11
 Stab: Sleeping          |       |     1 |     1 ||     2
       Distracted        |       |       |     1 ||     1
  Eat: Chunk             |     2 |    11 |    14 ||    27
Armor: Skin              |    31 |    93 |    44 ||   168
Dodge: Dodged            |    87 |   225 |   265 ||   577
